 Dungeon Crawl Stone Soup version 0.31-a0-549-gf98fd537a9 (webtiles) character file.

Game seed: 6427047866570802109

375 AdnanSaban the Cudgeller (level 6, -3/39 HPs)
             Began as a Gargoyle Fighter on Aug 16, 2023.
             Killed by divine providence
             ... invoked by an orc priest
              (13 damage)
             ... on level 4 of the Dungeon.
             The game lasted 00:02:20 (2992 turns).

AdnanSaban the Cudgeller (Gargoyle Fighter)         Turns: 2992, Time: 00:02:21

Health: -3/39      AC: 12    Str: 22    XL:     6   Next: 73%
Magic:  6/6        EV: 10    Int:  8    God:
Gold:   126        SH:  4    Dex:  9    Spells: 5/5 levels left

rFire   . . .        a - +0 flail
rCold   . . .        c - +0 buckler
rNeg    + . .        b - +0 scale mail
rPois   ∞            (no helmet)
rElec   +            (no cloak)
rCorr   .            (no gloves)
SInv    .            q - +0 pair of boots
Will    .....        (no amulet) Stlth
                     (no ring)
HPRegen 0.26/turn    (no ring)
MPRegen 0.10/turn

%: no passive effects
@: no status effects
A: sickness immunity, AC +4, negative energy resistance 1, electricity
resistance, torment resistance 1, petrification resistance
a: no special abilities


You were on level 4 of the Dungeon.
You visited 1 branch of the dungeon, and saw 4 of its levels.
You also visited: Ossuary.

You collected 126 gold pieces.

Inventory:

Hand Weapons
 a - a +0 flail (weapon)
Missiles
 g - 3 poisoned darts
Armour
 b - a +0 scale mail (worn)
 c - a +0 buckler (worn)
 q - a +0 pair of boots (worn)
Scrolls
 f - 2 scrolls of fear {unknown}
 h - 2 scrolls of amnesia {unknown}
 k - 5 scrolls of identify {unknown}
 l - 4 scrolls of vulnerability {unknown}
 m - 5 scrolls of teleportation {unknown}
 n - a scroll of noise {unknown}
 p - a scroll of blinking {unknown}
Potions
 d - 2 potions of might
 e - a potion of mutation {unknown}
 i - 3 potions of curing {unknown}
 j - a potion of enlightenment {unknown}
 o - a potion of resistance {unknown}
 r - a potion of haste {unknown}
 s - a potion of heal wounds {unknown}
 t - a potion of brilliance {unknown}


   Skills:
 + Level 4.3 Fighting
 + Level 4.9 Maces & Flails
 + Level 4.4 Armour
 + Level 1.5 Dodging
 + Level 0.2 Stealth
 + Level 4.0 Shields


You had 5 spell levels left.
You didn't know any spells.
Your spell library contained the following spells:

 Spells                   Type           Power      Damage    Failure   Level
 Apportation              Tloc           0%         N/A       80%         1
 Necrotise                Necr           0%         1d4       80%         1
 Slow                     Hex            0%         N/A       80%         1
 Summon Small Mammal      Summ           0%         N/A       80%         1
 Confusing Touch          Hex            0%         N/A       99%         3
 Vampiric Draining        Necr           0%         2d6       99%         3


Dungeon Overview and Level Annotations

Branches:
Dungeon (4/15)            Ossuary (visited)
 Temple: D:4-7

Altars:
Fedhas
Hepliaklqana
Qazlal


Innate Abilities, Weirdness & Mutations

You are immune to sickness and miasma.
Your stone body is resilient. (AC +4)
You are immune to poison.
You resist negative energy. (rN+)
You are resistant to electric shocks. (rElec)
You are resistant to unholy torment.
You are immune to petrification.


Message History

An orc comes into view. It is wielding a +0 club.
An orc comes into view. It is wielding a +0 falchion.
The orc shouts!
You hear an angry hiss.
An orc comes into view. It is wielding a +0 hand axe.
The orc shouts!
An orc priest comes into view. It is wielding a +0 mace.
An iguana comes into view.
The iguana hisses angrily.
The orc priest shouts!
The iguana moves out of view.
You hit the orc.
The orc is moderately wounded.
The orc hits you but does no damage.
The orc priest calls upon Beogh to heal the orc.
The orc's wounds heal themselves!
You closely miss the orc. The orc hits you with a +0 falchion.
You barely miss the orc. The orc misses you. The orc barely misses you.
The orc hits you with a +0 falchion.
You closely miss the orc. The orc hits you but does no damage.
You block the orc's attack.
You barely miss the orc. The orc hits you with a +0 falchion.
The orc closely misses you.
You hit the orc.
The orc is heavily wounded.
The orc hits you but does no damage. x2
You closely miss the orc.
The orc is heavily wounded.
The orc hits you but does no damage. The orc priest barely misses you.
The orc barely misses you.
You sock the orc!
You kill the orc!
The orc barely misses you. The orc priest hits you with a +0 mace.
The orc closely misses you.
The orc priest mumbles some strange prayers to Beogh against you.
Beogh smites you!
* * * LOW HITPOINT WARNING * * *
The orc hits you with a +0 falchion.
* * * LOW HITPOINT WARNING * * *
The orc priest calls down the wrath of Beogh upon you.
Beogh smites you!
You die...

#....#..# ##......## ..
.###... ##........# ...
....... #.........## ...
....... ...........####.#
....... ................#
....... ........#..####.#
....... .##....###.##
#.##l......
.##....##...###.@oo......
).#....###......##o...###
.##....#####....# #.###
.#......##.#...## ..#
................# .#
......#.....##.... .#
##'##.###..###...#. .
#...#.# #..# ##### . ..
#...#.# ....#


You could see an iguana, an orc priest and 2 orcs.

Vanquished Creatures
  3 water moccasin zombies (Ossuary)
  A jelly (D:3)
  2 mummies (Ossuary)
  5 adders
  4 adder zombies (Ossuary)
  A dart slug (D:2)
  An orc (D:4)
  4 ball pythons
  5 bats
  6 endoplasms
  3 giant cockroaches
  5 goblins
  8 hobgoblins
  13 jackals
  6 kobolds
  5 quokkas
  4 frilled lizards
  3 gnoll zombies (Ossuary)
  6 hobgoblin zombies (Ossuary)
  8 kobold zombies (Ossuary)
  6 orc zombies (Ossuary)
  2 rats
101 creatures vanquished.

Notes
Turn   | Place    | Note
-------+----------+-------------------------------------------
     0 | D:1      | AdnanSaban the Gargoyle Fighter began the quest for the
                  | Orb.
     0 | D:1      | Reached XP level 1. HP: 14/14 MP: 1/1
   284 | D:1      | Reached XP level 2. HP: 17/19 MP: 2/2
   470 | D:1      | Reached XP level 3. HP: 22/24 MP: 3/3
  1034 | D:2      | Identified the +6 hand axe of Symmetry {heavy, Str+3 Dex+3
                  | Stlth-}
  1089 | D:2      | Reached XP level 4. HP: 28/29 MP: 4/4
  2177 | D:3      | Found a blossoming altar of Fedhas.
  2180 | D:3      | Found a stormy altar of Qazlal.
  2201 | D:3      | Reached XP level 5. HP: 30/33 MP: 5/5
  2261 | D:3      | You fall into a shaft and drop 1 floor!
  2429 | D:3      | Reached skill level 1 in Dodging
  2595 | D:3      | Found a hazy altar of Hepliaklqana.
  2677 | D:4      | Found a sand-covered staircase.
  2682 | Ossuary  | Entered an ossuary
  2805 | Ossuary  | Reached XP level 6. HP: 38/38 MP: 6/6
  2992 | D:4      | Killed from afar by an orc priest

Illustrated notes

Levels and vault maps discovered:
D:1:      tarquinn_simple_flora_water_d, layout_basic
D:2:      layout_basic
D:3:      layout_loops_ring, grunt_temple_overflow_forces_of_nature,
          worldfamousw_hep_ancestral_shrine
D:4:      layout_cave_pools, nemelex_diamond_rough_becter,
          gammafunk_temple_overflow_pools, mainiacjoe_overflow_alcove_4,
          enter_ossuary_2

Skill      XL: |  1  2  3  4  5  6 |
---------------+-------------------+-----
Maces & Flails | 3 4 |  4.9
Armour         | 4 |  4.4
Fighting       | 4 |  4.3
Dodging        | 1 |  1.5
Shields        | 4 |  4.0
Stealth        | |  0.2

Action                     |  1- 3 |  4- 6 || total
---------------------------+-------+-------++-------
  Melee: Flail             |   116 |   268 ||   384
 Armour: Scale mail        |    87 |   175 ||   262
  Dodge: Dodged            |    91 |   138 ||   229
  Block: Buckler           |    29 |    63 ||    92

Table legend: (Time is in decaauts)
 A = Elapsed time spent in this place.
 B = Non-inter-level travel time spent in this place.
 C = Inter-level travel time spent in this place.
 D = Time resting spent in this place.
 E = Time spent auto-exploring this place.
 F = Levels seen in this place.
 G = Mean time per level.
                   A        B        C        D        E       F      G
               +--------+--------+--------+--------+--------+-----+--------+
         Total |   3095 |   2977 |    118 |      0 |   2270 |   5 |  619.0 |
       Dungeon |   2793 |   2675 |    118 |      0 |   2136 |   4 |  698.2 |
       Ossuary |    301 |    301 |      0 |      0 |    134 |   1 |  301.0 |
               +--------+--------+--------+--------+--------+-----+--------+

Top non-repeatable levels by time:
     D:2: 1110 daAuts
     D:3: 835 daAuts
     D:1: 778 daAuts
 Ossuary: 301 daAuts
     D:4: 68 daAuts
